 Dungeon Crawl Stone Soup version 0.31.0-9-g3a7656b989 (webtiles) character file.

Game seed: 14858415915649417165

69 qw the Shooter (level 4, -2/22 HPs)
             Began as a Spriggan Hunter on Feb 2, 2024.
             Killed from afar by an orc wizard (8 damage)
             ... with a magic dart
             ... on level 3 of the Dungeon.
             The game lasted 00:00:04 (1192 turns).

qw the Shooter (Spriggan Hunter)                    Turns: 1192, Time: 00:00:04

Health: -2/22      AC:  2    Str:  7    XL:     4   Next: 2%
Magic:  5/5        EV: 19    Int: 10    God:
Gold:   37         SH:  0    Dex: 20    Spells: 3/3 levels left

rFire   . . .        a - +0 shortbow
rCold   . . .        (shield currently unavailable)
rNeg    . . .        c - +0 robe
rPois   .            (helmet restricted)
rElec   .            (no cloak)
rCorr   .            (gloves unavailable)
SInv    +            (boots unavailable)
Will    .....        (no amulet)
Stlth   ++           (no ring)
HPRegen 0.23/turn    (no ring)
MPRegen 0.09/turn

%: no passive effects
@: very quick
A: very small, no large weapons, unfitting armour, see invisible, speed 3
a: no special abilities


You were on level 3 of the Dungeon.
You visited 1 branch of the dungeon, and saw 3 of its levels.

You collected 59 gold pieces.
You spent 22 gold pieces at shops.


Innate Abilities, Weirdness & Mutations

You are very small and have problems with some larger weapons.
You are too small for most types of armour.
You have supernaturally acute eyesight. (SInv)
You cover ground extremely quickly. (Speed+++)


   Skills:
 - Level 1.5 Fighting
 - Level 5.0 Ranged Weapons
 + Level 4.1 Dodging
 - Level 1.5 Stealth


You had 3 spell levels left.
You didn't know any spells.
Your spell library was empty.

Inventory:

Hand Weapons
 a - a +0 shortbow (weapon)
Armour
 c - a +0 robe (worn)
Potions
 b - 2 potions of curing
 e - a potion of lignification {unknown}
 f - a potion of might {unknown}
 g - a potion of attraction {unknown}
 i - a potion of cancellation {unknown}
 j - a potion of degeneration {unknown}

Dungeon Overview and Level Annotations

Branches:
Dungeon (3/15)

Altars:

Shops:
D:2 ?:=


Message History

The orc misses you.
You shoot an arrow.
The arrow hits the orc but does no damage.
The orc is moderately wounded.
The orc completely misses you.
You shoot an arrow. The arrow barely misses the orc.
The arrow closely misses the orc wizard.
The arrow hits the orc priest!
The orc priest is heavily wounded.
The orc closely misses you.
You shoot an arrow.
The arrow closely misses the orc wizard.
The arrow closely misses the orc.
The arrow barely misses the orc priest.
The orc wizard closely misses you.
You shoot an arrow. The arrow hits the orc wizard.
The orc wizard is heavily wounded.
The orc wizard completely misses you.
You shoot an arrow.
The arrow hits the orc wizard but does no damage.
The orc wizard is heavily wounded.
The orc wizard barely misses you.
The orc priest invokes the aid of Beogh against you.
Beogh smites you!
Ouch! That really hurt!
You shoot an arrow. The arrow hits the orc wizard.
The orc wizard is severely wounded.
The orc priest calls upon Beogh to heal the orc.
The orc's wounds heal themselves!
The orc wizard hits you but does no damage.
You shoot an arrow.
The arrow closely misses the orc wizard.
The arrow hits the orc.
The orc is heavily wounded.
The orc wizard completely misses you.
You shoot an arrow. The arrow barely misses the orc wizard.
The arrow hits the orc!
You kill the orc!
The orc wizard gestures at you while chanting.
The magic dart hits you!
You die...

... #.. #)# #.#
######### #o#
.......<# #)#
...####.# #o#
#...# #@# #.###
#.# #.# #.# #.#
#.###########.#
#......#......#
#......#.######
#......#.#
#......#.#
#....###.#


You could see an orc priest and an orc wizard (invisible).

Vanquished Creatures
  2 adders (D:2)
  A gnoll (D:1)
  A dart slug (D:2)
  A ribbon worm (D:2)
  3 orcs (D:3)
  2 endoplasms
  A goblin (D:1)
  7 hobgoblins
  2 jackals (D:1)
  A quokka (D:1)
  4 ball pythons
  3 bats (D:1)
  A frilled lizard (D:1)
  3 kobolds
  2 rats (D:2)
34 creatures vanquished.

Notes
Turn   | Place    | Note
-------+----------+-------------------------------------------
     0 | D:1      | qw the Spriggan Hunter began the quest for the Orb.
     0 | D:1      | Reached XP level 1. HP: 10/10 MP: 2/2
     0 | D:1      | 0 ||| qw: Version: 0.3-a-155-g5e7d8dd
     0 | D:1      | 0 ||| qw: Game counter: 2500
     0 | D:1      | 0 ||| qw: Melee chars always use a shield: true
     0 | D:1      | 0 ||| qw: God list: Okawaru
     0 | D:1      | 0 ||| qw: Allow faded altars: false
     0 | D:1      | 0 ||| qw: Do Orc after clearing Dungeon:15 true
     0 | D:1      | 0 ||| qw: Do second Lair branch before Depths: true
     0 | D:1      | 0 ||| qw: Lair rune preference: random
     0 | D:1      | 0 ||| qw: Goals: Normal
     0 | D:1      | 0 ||| PLANNING D:1-11
    45 | D:1      | Reached skill level 3 in Dodging
   126 | D:1      | Reached XP level 2. HP: 14/14 MP: 3/3
   326 | D:1      | Reached XP level 3. HP: 18/18 MP: 4/4
   526 | D:1      | 526 ||| READING scroll labelled SACIMO XOMUREGG.
   527 | D:1      | 527 ||| DROPPING scroll of butterflies.
   764 | D:2      | Noticed a walking earthen tome
   767 | D:2      | Found Xeuniyhe's Book Shoppe.
   771 | D:2      | Noticed a walking crystal tome
   794 | D:2      | Found Enosid's Magic Scroll Boutique.
   807 | D:2      | 807 ||| SHOPLISTING scroll of enchant armour (82 gold, have
                  | 32).
   807 | D:2      | 807 ||| BUYING scroll of identify (22 gold).
   807 | D:2      | Bought a scroll of identify for 22 gold pieces
   807 | D:2      | 807 ||| SHOPLISTING scroll of teleportation (33 gold, have
                  | 10).
   871 | D:2      | Found Gykhod's Jewellery Emporium.
   875 | D:2      | 875 ||| SHOPLISTING +6 ring of strength (360 gold, have
                  | 10).
   875 | D:2      | 875 ||| SHOPLISTING amulet of reflection (300 gold, have
                  | 10).
   875 | D:2      | 875 ||| SHOPLISTING amulet of the acrobat (300 gold, have
                  | 10).
   875 | D:2      | 875 ||| SHOPLISTING ring of Gionil {rPois rN+ Dex-4 SInv}
                  | (270 gold, have 10).
   875 | D:2      | 875 ||| SHOPLISTING ring of ice (250 gold, have 10).
   875 | D:2      | 875 ||| SHOPLISTING ring of protection from cold (250 gold,
                  | have 10).
   875 | D:2      | 875 ||| SHOPLISTING ring of resist corrosion (200 gold,
                  | have 10).
   875 | D:2      | 875 ||| SHOPLISTING ring of willpower (250 gold, have 10).
  1027 | D:2      | Reached skill level 5 in Ranged Weapons
  1125 | D:2      | 1125 ||| READING scroll of identify.
  1125 | D:2      | 1125 ||| IDENTIFYING puce potion
  1126 | D:2      | 1126 ||| DRINKING 3 smoky pink potions.
  1127 | D:2      | 1127 ||| DROPPING potion of invisibility.
  1181 | D:3      | Reached XP level 4. HP: 22/22 MP: 5/5
  1189 | D:3      | HP: 5/22 [orc priest/divine providence (11)]
  1192 | D:3      | Killed from afar by an orc wizard

Levels and vault maps discovered:
D:1:      nzn_arrival_crosshair, layout_loops_cross
D:2:      layout_basic, serial_shops, shop, nicolae_shop_pleasant_corner_grove,
          nicolae_shop_mannequins
D:3:      layout_basic, hellmonk_ecumenical_altar_lost_god, grunt_ministairs_10

Skill      XL: |  1  2  3 |
---------------+----------+-----
Dodging        | 3 4 |  4.1
Ranged Weapons | 5 |  5.0
Fighting       | |  1.5
Stealth        | |  1.5

Action                     |  1- 3 |  4- 6 || total
---------------------------+-------+-------++-------
   Fire: Shortbow          |    94 |    12 ||   106
    Use: Scroll            |     2 |       ||     2
         Potion            |     1 |       ||     1
 Armour: Robe              |     7 |     2 ||     9
  Dodge: Dodged            |    30 |     7 ||    37

Table legend:
 A = Non-vault XP
 B = Vault XP
 C = Vault XP percentage of total XP
 D = Non-vault monster count
 E = Vault monster count
 F = Vault count percentage of total count
                 A         B        C        D         E       F
            +---------+---------+-------+---------+---------+-------
      Total |     102 |       0 |   0.0 |      34 |       0 |   0.0
            +---------+---------+-------+---------+---------+-------
        D:1 |      48 |       0 |   0.0 |      20 |       0 |   0.0
        D:2 |      45 |       0 |   0.0 |      11 |       0 |   0.0
        D:3 |       9 |       0 |   0.0 |       3 |       0 |   0.0
            +---------+---------+-------+---------+---------+-------
